 Dungeon Crawl Stone Soup version 0.28.0 (webtiles) character file.

Game seed: 14021722857799890218

23 Host24 the Bolt Thrower (level 3, -2/23 HPs)
             Began as a Kobold Hunter on Mar 5, 2022.
             Slain by a worm (10 damage)
             ... on level 2 of the Dungeon.
             The game lasted 00:01:39 (1477 turns).

Host24 the Bolt Thrower (Kobold Hunter)             Turns: 1477, Time: 00:01:39

Health: -2/23      AC:  3    Str: 11    XL:     3   Next: 12%
Magic:  3/3        EV: 15    Int: 12    God:
Gold:   23         SH:  0    Dex: 15    Spells: 2/2 levels left

rFire   + . .      SeeInvis .   b - +0 short sword
rCold   . . .      Faith    .   (no shield)
rNeg    . . .      Spirit   .   g - +1 robe {rF+}
rPois   .          Reflect  .   (no helmet)
rElec   .          Harm     .   (no cloak)
rCorr   .          Rampage  .   (no gloves)
Will    .....                   (no boots)
Stlth   +++.......              (no amulet)
HPRegen 0.07/turn               (no ring)
MPRegen 0.08/turn               (no ring)

@: no status effects
A: small, no large weapons, nightstalker 3
a: no special abilities


You were on level 2 of the Dungeon.
You visited 1 branch of the dungeon, and saw 2 of its levels.

You collected 23 gold pieces.

Inventory:

Hand Weapons
 a - a +1 hand crossbow
 b - a +0 short sword (weapon)
Missiles
 d - 20 bolts
 e - 77 stones (quivered)
Armour
 g - a +1 robe of fire resistance (worn)
Scrolls
 c - a scroll of summoning {unknown}
 f - a scroll of immolation {unknown}
 h - a scroll of enchant armour {unknown}


   Skills:
 + Level 3.5 Fighting
 - Level 5.0 Crossbows
 - Level 2.4 Dodging
 - Level 1.3 Stealth


You had 2 spell levels left.
You didn't know any spells.
Your spell library was empty.

Dungeon Overview and Level Annotations

Branches:
Dungeon (2/15)

Altars:

Shops:
D:1 ?   D:2 !


Innate Abilities, Weirdness & Mutations

You are small and have problems with some larger weapons.
You are completely attuned to the shadows.


Message History

The kobold is severely wounded.
The kobold hits you with a +0 short sword.
You closely miss the kobold.
The kobold is severely wounded.
The kobold closely misses you.
You completely miss the kobold.
The kobold is severely wounded.
The kobold completely misses you.
You closely miss the kobold.
The kobold is severely wounded.
The kobold closely misses you.
You hit the kobold.
You kill the kobold!
You see here a +0 short sword.
HP restored.
A worm comes into view.
Found Ladeidif's Distillery.
The worm bites you.
You hit the worm.
The worm is moderately wounded.
You completely miss the worm.
The worm is moderately wounded.
The worm bites you but does no damage.
You hit the worm.
The worm is moderately wounded.
You barely miss the worm.
The worm is moderately wounded.
The worm bites you.
You hit the worm.
The worm is moderately wounded.
The worm misses you.
You hit the worm.
The worm is heavily wounded.
You hit the worm.
The worm is severely wounded.
The worm bites you!
You hit the worm but do no damage.
The worm is severely wounded.
The worm bites you!
You die...

#######
#.w.....
#.@.....
#.......
##.......
.##...###
.##....###
∩...........
............
.##........
.##.)......


You could see a worm.

Vanquished Creatures
  A dart slug (D:1)
  4 bats (D:1)
  2 endoplasms (D:1)
  A goblin (D:1)
  A hobgoblin (D:1)
  A ball python (D:1)
  8 kobolds
  4 rats (D:1)
22 creatures vanquished.

Vanquished Creatures (others)
  3 plants (D:2)
3 creatures vanquished.

Grand Total: 25 creatures vanquished

Notes
Turn   | Place    | Note
-------+----------+-------------------------------------------
     0 | D:1      | Host24 the Kobold Hunter began the quest for the Orb.
     0 | D:1      | Reached XP level 1. HP: 12/12 MP: 1/1
    36 | D:1      | Reached skill level 5 in Crossbows
   341 | D:1      | Reached XP level 2. HP: 6/18 MP: 2/2
   578 | D:1      | Found Ogy Jiuh's Magic Scroll Shop.
  1038 | D:1      | Reached XP level 3. HP: 23/23 MP: 3/3
  1467 | D:2      | Found Ladeidif's Distillery.
  1477 | D:2      | Slain by a worm

Illustrated notes

Levels and vault maps discovered:
D:1:      eino_arrival_cavern_b, layout_basic, serial_shops,
          nicolae_shop_statue_plus
D:2:      minmay_wonky_spiral, layout_basic, serial_shops, nicolae_square_shop,
          basic_altar, serial_bayou_ford_a, minmay_goblin_outpost

Skill      XL: |  1  2 |
---------------+-------+-----
Crossbows      | 5 |  5.0
Fighting       | 3 |  3.5
Dodging        | |  2.4
Stealth        | |  1.3

Action                   || total
-------------------------++-------
Melee: Short sword       ||    89
       Punch             ||     1
 Stab: Sleeping          ||    10
Armor: Leather armour    ||     2
       Robe              ||    14
Dodge: Dodged            ||    63
